[ AOE2 MATCH · #486004298 ]
UnrankedGeorgians vs Burmese
[ REPLAY ANALYSIS · EXTRACTED FROM THE RECORDED GAME ]
Feudal
8:26
Castle
25:39
Imperial
51:08
| APM avg | 71.2 |
| APM peak | 140 |
| eAPM avg | 39.9 |
| Villagers / military | 173 / 210 |
Focus
⚔️ 59.1% · 🌾 40.9%
Knight ×183 · Scout Cavalry ×16 · Spearman ×7 · Monaspa ×3 · Battering Ram ×1
Feudal
9:53
Castle
26:07
Imperial
—
| APM avg | 33.3 |
| APM peak | 115 |
| eAPM avg | 19.3 |
| Villagers / military | 91 / 36 |
Focus
⚔️ 33.6% · 🌾 66.4%
Scout Cavalry ×28 · Monk ×3 · Spearman ×3 · Knight ×2
Feudal
10:00
Castle
23:00
Imperial
48:08
| APM avg | 43.6 |
| APM peak | 100 |
| eAPM avg | 17.2 |
| Villagers / military | 131 / 283 |
Focus
⚔️ 42.2% · 🌾 57.8%
Archer ×281 · Monk ×2
Feudal
8:27
Castle
23:27
Imperial
36:11
| APM avg | 44.7 |
| APM peak | 94 |
| eAPM avg | 21.8 |
| Villagers / military | 137 / 226 |
Focus
⚔️ 47.8% · 🌾 52.2%
Archer ×221 · Trebuchet (Packed) ×3 · Spearman ×2
Match map
Initial resources + every placement click. Lines = walls · curves = elevation contours. ◆ gold · ⬟ stone · ● berries · ✦ relic · ◌ wall gap
Your base· ✓ Closed at 25:39 · 66t walls · no gate
Hannibal's base· ✓ Closed at 26:07 · 45t walls · no gate
FMG | Tano Stokes's base· Open — unwalled flank
Osama's base· Open — 4t gap
Smoothed initial terrain · ◌ = detected wall gap · hover for details
Inputs per minute
— FMG | GreatMaty - - Hannibal
Build order — FMG | GreatMaty
First 150 of 544 actions detected
| 0:01 | Create | Villager (Male) |
| 0:01 | Create | Villager (Male) |
| 0:01 | Create | Villager (Male) |
| 0:02 | Build | House |
| 0:03 | Build | House |
| 0:11 | Create | Villager (Male) |
| 0:11 | Create | Villager (Male) |
| 1:16 | Create | Villager (Male) |
| 1:17 | Create | Villager (Male) |
| 1:40 | Create | Villager (Male) |
| 2:22 | Create | Villager (Male) |
| 2:23 | Create | Villager (Male) |
| 2:41 | Create | Villager (Male) |
| 2:41 | Create | Villager (Male) |
| 2:58 | Create | Villager (Male) |
| 2:59 | Create | Villager (Male) |
| 3:12 | Create | Villager (Male) |
| 3:13 | Create | Villager (Male) |
| 3:35 | Create | Villager (Male) |
| 3:36 | Create | Villager (Male) |
| 3:49 | Build | House |
| 4:12 | Create | Villager (Male) |
| 4:35 | Build | House |
| 4:36 | Create | Villager (Male) |
| 4:46 | Build | Mill |
| 4:55 | Create | Villager (Male) |
| 5:34 | Research | Loom |
| 6:09 | Research | Feudal Age |
| 6:09 | Research | Feudal Age |
| 7:37 | Build | Barracks |
| 7:56 | Create | Villager (Male) |
| 8:26 | Age | Feudal Age |
| 8:34 | Build | Stable |
| 8:40 | Create | Villager (Male) |
| 9:09 | Create | Villager (Male) |
| 9:11 | Research | Double-Bit Axe |
| 9:15 | Create | Scout Cavalry |
| 9:22 | Research | Horse Collar |
| 9:22 | Create | Villager (Male) |
| 9:24 | Build | House |
| 9:39 | Create | Scout Cavalry |
| 9:47 | Build | Palisade Wall |
| 10:00 | Create | Villager (Male) |
| 10:02 | Build | Farm |
| 10:27 | Create | Villager (Male) |
| 10:32 | Build | House |
| 10:43 | Build | Farm |
| 10:48 | Create | Scout Cavalry |
| 10:48 | Create | Scout Cavalry |
| 10:53 | Create | Villager (Male) |
| 10:53 | Create | Villager (Male) |
| 10:56 | Build | Farm |
| 11:04 | Build | House |
| 11:16 | Build | Farm |
| 11:22 | Build | House |
| 11:26 | Create | Villager (Male) |
| 11:26 | Create | Villager (Male) |
| 11:38 | Build | Farm |
| 11:41 | Build | Palisade Wall |
| 11:46 | Create | Scout Cavalry |
| 11:47 | Build | House |
| 11:57 | Build | House |
| 12:05 | Create | Villager (Male) |
| 12:05 | Create | Villager (Male) |
| 12:11 | Build | Palisade Wall |
| 12:16 | Build | Palisade Wall |
| 12:18 | Build | Palisade Wall |
| 12:25 | Build | Farm |
| 12:26 | Create | Villager (Male) |
| 12:26 | Create | Villager (Male) |
| 12:38 | Build | House |
| 12:40 | Build | House |
| 12:46 | Build | Palisade Wall |
| 12:55 | Create | Villager (Male) |
| 12:55 | Create | Villager (Male) |
| 13:06 | Create | Villager (Male) |
| 13:08 | Build | House |
| 13:29 | Create | Scout Cavalry |
| 13:29 | Create | Scout Cavalry |
| 13:48 | Create | Villager (Male) |
| 13:51 | Build | Farm |
| 13:51 | Build | Farm |
| 14:00 | Build | Farm |
| 14:01 | Create | Villager (Male) |
| 14:08 | Build | Palisade Wall |
| 14:11 | Create | Villager (Male) |
| 14:38 | Create | Scout Cavalry |
| 14:53 | Create | Villager (Male) |
| 14:56 | Build | Blacksmith |
| 14:58 | Build | Palisade Wall |
| 15:02 | Build | Palisade Wall |
| 15:03 | Build | Palisade Wall |
| 15:04 | Build | Palisade Wall |
| 15:07 | Create | Scout Cavalry |
| 15:22 | Create | Villager (Male) |
| 15:32 | Build | House |
| 15:33 | Build | Palisade Wall |
| 15:36 | Create | Scout Cavalry |
| 15:44 | Create | Villager (Male) |
| 15:46 | Build | Farm |
| 15:47 | Build | Farm |
| 15:59 | Build | Mule Cart |
| 16:10 | Build | Watch Tower |
| 16:14 | Create | Villager (Male) |
| 16:30 | Create | Villager (Male) |
| 16:56 | Create | Villager (Male) |
| 17:07 | Create | Scout Cavalry |
| 17:07 | Create | Scout Cavalry |
| 17:08 | Create | Scout Cavalry |
| 17:23 | Create | Villager (Male) |
| 17:37 | Create | Villager (Male) |
| 18:01 | Create | Villager (Male) |
| 18:25 | Create | Villager (Male) |
| 18:31 | Create | Scout Cavalry |
| 18:34 | Build | Farm |
| 18:34 | Build | Farm |
| 18:34 | Build | Farm |
| 18:48 | Create | Villager (Male) |
| 19:04 | Build | Mule Cart |
| 19:09 | Create | Scout Cavalry |
| 19:27 | Build | Farm |
| 19:27 | Build | Farm |
| 19:27 | Build | Farm |
| 19:29 | Create | Villager (Male) |
| 19:40 | Build | Farm |
| 20:00 | Create | Villager (Male) |
| 20:15 | Build | Farm |
| 20:18 | Build | House |
| 20:19 | Build | Palisade Wall |
| 20:23 | Create | Scout Cavalry |
| 20:28 | Build | Farm |
| 20:32 | Build | Farm |
| 20:33 | Create | Villager (Male) |
| 20:44 | Research | Wheelbarrow |
| 20:44 | Research | Wheelbarrow |
| 20:55 | Build | Farm |
| 21:40 | Build | Stable |
| 22:22 | Create | Villager (Male) |
| 22:26 | Build | Palisade Wall |
| 22:39 | Build | Stable |
| 22:59 | Research | Castle Age |
| 23:00 | Research | Castle Age |
| 23:36 | Research | Bloodlines |
| 23:36 | Research | Bloodlines |
| 24:04 | Build | Farm |
| 24:04 | Build | Farm |
| 24:20 | Research | Scale Barding Armor |
| 24:20 | Research | Scale Barding Armor |
| 24:33 | Build | Farm |
| 24:33 | Build | Farm |
Build order — Hannibal
First 150 of 274 actions detected
| 0:00 | Create | Villager (Male) |
| 0:01 | Create | Villager (Male) |
| 0:02 | Build | House |
| 0:08 | Create | Villager (Male) |
| 0:09 | Create | Villager (Male) |
| 0:09 | Create | Villager (Male) |
| 1:17 | Build | House |
| 1:19 | Build | House |
| 1:24 | Create | Villager (Male) |
| 1:49 | Create | Villager (Male) |
| 2:05 | Build | Lumber Camp |
| 2:19 | Create | Villager (Male) |
| 2:53 | Create | Villager (Male) |
| 3:14 | Create | Villager (Male) |
| 3:34 | Create | Villager (Male) |
| 3:34 | Create | Villager (Male) |
| 3:45 | Create | Villager (Male) |
| 4:05 | Create | Villager (Male) |
| 4:43 | Build | Mill |
| 4:47 | Create | Villager (Male) |
| 4:53 | Create | Villager (Male) |
| 5:02 | Create | Villager (Male) |
| 5:53 | Create | Villager (Male) |
| 6:20 | Build | Mill |
| 6:22 | Build | House |
| 6:29 | Create | Villager (Male) |
| 6:51 | Research | Loom |
| 7:43 | Research | Feudal Age |
| 8:38 | Build | Barracks |
| 8:44 | Build | Lumber Camp |
| 8:54 | Build | Barracks |
| 9:30 | Create | Villager (Male) |
| 9:53 | Age | Feudal Age |
| 9:55 | Create | Villager (Male) |
| 10:09 | Create | Villager (Male) |
| 10:10 | Build | Stable |
| 10:17 | Create | Villager (Male) |
| 10:27 | Build | House |
| 10:27 | Build | House |
| 10:27 | Build | House |
| 10:51 | Create | Scout Cavalry |
| 10:52 | Create | Scout Cavalry |
| 10:52 | Create | Scout Cavalry |
| 10:55 | Build | House |
| 10:57 | Build | House |
| 10:59 | Build | Palisade Wall |
| 11:01 | Create | Villager (Male) |
| 11:07 | Build | Palisade Wall |
| 11:15 | Research | Horse Collar |
| 11:19 | Build | Palisade Wall |
| 11:26 | Create | Villager (Male) |
| 11:34 | Create | Villager (Male) |
| 11:37 | Build | Palisade Wall |
| 11:40 | Build | Farm |
| 11:50 | Build | House |
| 11:53 | Build | Palisade Wall |
| 11:55 | Create | Villager (Male) |
| 11:57 | Build | Farm |
| 11:59 | Build | Farm |
| 12:08 | Build | Palisade Wall |
| 12:13 | Create | Villager (Male) |
| 12:15 | Build | Palisade Wall |
| 12:20 | Build | Farm |
| 12:39 | Create | Scout Cavalry |
| 12:39 | Create | Scout Cavalry |
| 12:41 | Build | Farm |
| 12:42 | Build | Farm |
| 12:59 | Build | Farm |
| 13:07 | Create | Villager (Male) |
| 13:26 | Build | Farm |
| 13:37 | Create | Scout Cavalry |
| 13:37 | Create | Scout Cavalry |
| 13:40 | Build | Farm |
| 13:41 | Build | House |
| 13:42 | Create | Villager (Male) |
| 13:43 | Build | Farm |
| 13:50 | Build | Farm |
| 13:52 | Build | House |
| 14:03 | Build | House |
| 14:09 | Create | Villager (Male) |
| 14:09 | Create | Villager (Male) |
| 14:15 | Build | Palisade Wall |
| 14:16 | Build | Palisade Wall |
| 14:19 | Create | Villager (Male) |
| 14:30 | Create | Scout Cavalry |
| 14:31 | Create | Scout Cavalry |
| 14:34 | Build | Farm |
| 14:35 | Build | Farm |
| 14:36 | Build | Farm |
| 14:38 | Create | Villager (Male) |
| 14:42 | Build | House |
| 14:49 | Create | Scout Cavalry |
| 14:52 | Build | Farm |
| 14:53 | Create | Villager (Male) |
| 15:04 | Build | Farm |
| 15:19 | Build | Farm |
| 15:25 | Create | Scout Cavalry |
| 15:25 | Create | Scout Cavalry |
| 15:27 | Create | Villager (Male) |
| 15:27 | Create | Villager (Male) |
| 15:33 | Build | Farm |
| 15:42 | Create | Scout Cavalry |
| 15:49 | Create | Villager (Male) |
| 15:49 | Create | Villager (Male) |
| 15:54 | Build | House |
| 15:55 | Build | House |
| 15:56 | Create | Villager (Male) |
| 16:05 | Build | Farm |
| 16:15 | Create | Scout Cavalry |
| 16:16 | Create | Scout Cavalry |
| 16:19 | Build | House |
| 16:22 | Create | Villager (Male) |
| 16:27 | Build | Watch Tower |
| 16:31 | Create | Villager (Male) |
| 16:41 | Create | Villager (Male) |
| 16:45 | Build | House |
| 16:50 | Create | Villager (Male) |
| 17:00 | Create | Scout Cavalry |
| 17:01 | Create | Scout Cavalry |
| 17:14 | Create | Villager (Male) |
| 17:28 | Create | Scout Cavalry |
| 17:50 | Create | Scout Cavalry |
| 17:57 | Build | House |
| 17:59 | Build | House |
| 18:00 | Create | Villager (Male) |
| 18:04 | Build | House |
| 18:04 | Create | Spearman |
| 18:05 | Create | Spearman |
| 18:05 | Create | Spearman |
| 18:16 | Create | Villager (Male) |
| 18:18 | Build | House |
| 18:20 | Build | Palisade Wall |
| 18:32 | Create | Villager (Male) |
| 18:41 | Build | House |
| 18:45 | Create | Villager (Male) |
| 19:00 | Create | Villager (Male) |
| 19:09 | Build | House |
| 19:24 | Create | Scout Cavalry |
| 19:27 | Build | Farm |
| 19:27 | Create | Villager (Male) |
| 19:51 | Create | Villager (Male) |
| 19:54 | Create | Villager (Male) |
| 19:56 | Build | House |
| 20:02 | Build | Mining Camp |
| 20:11 | Build | Mining Camp |
| 20:25 | Create | Scout Cavalry |
| 20:30 | Build | Stone Wall |
| 20:39 | Create | Villager (Male) |
| 20:48 | Create | Scout Cavalry |
| 20:49 | Create | Scout Cavalry |
Build order — FMG | Tano Stokes
First 150 of 461 actions detected
| 0:01 | Create | Villager (Male) |
| 0:01 | Create | Villager (Male) |
| 0:02 | Build | House |
| 0:02 | Build | House |
| 0:09 | Create | Villager (Male) |
| 0:09 | Create | Villager (Male) |
| 1:05 | Create | Villager (Male) |
| 1:05 | Create | Villager (Male) |
| 1:47 | Create | Villager (Male) |
| 1:47 | Create | Villager (Male) |
| 1:52 | Build | Lumber Camp |
| 2:11 | Create | Villager (Male) |
| 2:36 | Create | Villager (Male) |
| 2:36 | Create | Villager (Male) |
| 2:37 | Create | Villager (Male) |
| 3:09 | Create | Villager (Male) |
| 3:09 | Create | Villager (Male) |
| 3:25 | Build | House |
| 3:27 | Build | House |
| 4:09 | Research | Loom |
| 4:15 | Create | Villager (Male) |
| 4:15 | Create | Villager (Male) |
| 5:15 | Create | Villager (Male) |
| 5:17 | Create | Villager (Male) |
| 5:53 | Build | Mining Camp |
| 6:08 | Create | Villager (Male) |
| 6:34 | Create | Villager (Male) |
| 7:05 | Create | Villager (Male) |
| 7:50 | Research | Feudal Age |
| 8:26 | Build | House |
| 8:28 | Build | Barracks |
| 9:36 | Create | Villager (Male) |
| 9:53 | Build | Palisade Gate |
| 10:00 | Age | Feudal Age |
| 10:04 | Build | Archery Range |
| 10:10 | Create | Villager (Male) |
| 10:29 | Build | Archery Range |
| 10:51 | Create | Villager (Male) |
| 11:00 | Build | Blacksmith |
| 11:05 | Create | Villager (Male) |
| 11:06 | Create | Villager (Male) |
| 11:19 | Create | Archer |
| 11:32 | Create | Archer |
| 11:32 | Create | Archer |
| 11:33 | Create | Archer |
| 11:41 | Create | Archer |
| 11:48 | Create | Villager (Male) |
| 12:01 | Build | Mill |
| 12:10 | Build | House |
| 12:12 | Build | House |
| 12:14 | Research | Fletching |
| 12:33 | Create | Villager (Male) |
| 12:39 | Build | House |
| 12:41 | Build | House |
| 12:41 | Build | House |
| 12:46 | Build | House |
| 12:47 | Build | House |
| 12:52 | Build | House |
| 12:53 | Build | House |
| 12:54 | Build | House |
| 13:04 | Create | Archer |
| 13:04 | Create | Archer |
| 13:10 | Create | Villager (Male) |
| 13:20 | Create | Archer |
| 13:20 | Create | Archer |
| 13:20 | Create | Archer |
| 13:56 | Create | Archer |
| 13:57 | Create | Archer |
| 13:57 | Create | Archer |
| 13:59 | Create | Villager (Male) |
| 13:59 | Create | Villager (Male) |
| 13:59 | Create | Villager (Male) |
| 14:23 | Build | Farm |
| 14:23 | Build | Farm |
| 14:35 | Create | Villager (Male) |
| 14:36 | Create | Archer |
| 14:37 | Create | Archer |
| 15:20 | Build | Farm |
| 15:21 | Create | Villager (Male) |
| 15:32 | Create | Villager (Male) |
| 15:32 | Create | Archer |
| 15:32 | Create | Archer |
| 15:47 | Build | Farm |
| 15:47 | Build | Farm |
| 15:48 | Build | Farm |
| 15:48 | Build | Farm |
| 15:49 | Create | Villager (Male) |
| 16:16 | Create | Archer |
| 16:16 | Create | Archer |
| 16:16 | Create | Archer |
| 16:16 | Create | Villager (Male) |
| 16:17 | Create | Villager (Male) |
| 16:19 | Build | Farm |
| 16:19 | Build | Farm |
| 16:50 | Build | Farm |
| 16:51 | Build | Farm |
| 16:51 | Build | Farm |
| 18:37 | Create | Villager (Male) |
| 18:37 | Create | Villager (Male) |
| 18:37 | Create | Villager (Male) |
| 18:39 | Build | Farm |
| 18:39 | Build | Farm |
| 18:40 | Create | Archer |
| 18:40 | Create | Archer |
| 18:41 | Create | Archer |
| 18:41 | Create | Archer |
| 19:28 | Create | Villager (Male) |
| 19:33 | Build | House |
| 19:34 | Build | House |
| 20:18 | Create | Villager (Male) |
| 20:18 | Create | Villager (Male) |
| 20:19 | Research | Castle Age |
| 20:25 | Build | Market |
| 20:26 | Build | House |
| 20:27 | Build | House |
| 20:40 | Research | Padded Archer Armor |
| 20:42 | Research | Double-Bit Axe |
| 21:16 | Create | Archer |
| 21:17 | Create | Archer |
| 21:17 | Create | Archer |
| 21:17 | Create | Archer |
| 21:17 | Create | Archer |
| 21:17 | Create | Archer |
| 21:18 | Create | Archer |
| 22:57 | Build | Lumber Camp |
| 23:00 | Age | Castle Age |
| 23:03 | Research | Crossbowman (upgrade) |
| 23:04 | Research | Bodkin Arrow |
| 23:31 | Create | Villager (Male) |
| 23:31 | Create | Villager (Male) |
| 23:33 | Create | Archer |
| 23:33 | Create | Archer |
| 23:33 | Create | Archer |
| 23:33 | Create | Archer |
| 24:36 | Create | Villager (Male) |
| 24:36 | Create | Villager (Male) |
| 24:36 | Create | Villager (Male) |
| 24:38 | Create | Archer |
| 24:38 | Create | Archer |
| 24:39 | Create | Archer |
| 24:39 | Create | Archer |
| 24:45 | Build | Palisade Wall |
| 25:05 | Create | Villager (Male) |
| 25:06 | Create | Villager (Male) |
| 25:06 | Create | Villager (Male) |
| 25:07 | Create | Archer |
| 25:07 | Create | Archer |
| 25:08 | Create | Archer |
| 25:22 | Build | University |
| 25:29 | Build | University |
Build order — Osama
First 150 of 458 actions detected
| 0:01 | Create | Villager (Male) ×4 |
| 0:02 | Build | House |
| 0:04 | Build | House |
| 1:24 | Create | Villager (Male) |
| 1:24 | Create | Villager (Male) |
| 1:58 | Create | Villager (Male) |
| 2:05 | Build | Lumber Camp |
| 2:16 | Create | Villager (Male) |
| 2:51 | Create | Villager (Male) |
| 3:14 | Create | Villager (Male) |
| 3:14 | Create | Villager (Male) |
| 3:29 | Create | Villager (Male) |
| 3:29 | Create | Villager (Male) |
| 3:38 | Build | House |
| 3:55 | Create | Villager (Male) |
| 4:10 | Create | Villager (Male) |
| 4:25 | Create | Villager (Male) |
| 4:45 | Create | Villager (Male) |
| 4:48 | Research | Loom |
| 5:37 | Build | Mining Camp |
| 6:17 | Research | Feudal Age |
| 6:17 | Research | Feudal Age |
| 6:51 | Build | House |
| 7:29 | Build | Barracks |
| 8:09 | Create | Villager (Male) |
| 8:10 | Create | Villager (Male) |
| 8:10 | Create | Villager (Male) |
| 8:27 | Age | Feudal Age |
| 8:30 | Build | Archery Range |
| 9:08 | Create | Spearman |
| 9:12 | Create | Villager (Male) |
| 9:20 | Create | Archer |
| 9:20 | Create | Archer |
| 9:27 | Build | Archery Range |
| 9:35 | Build | House |
| 9:40 | Create | Villager (Male) |
| 10:02 | Create | Archer |
| 10:12 | Build | Mill |
| 10:14 | Create | Archer |
| 10:19 | Create | Villager (Male) |
| 10:21 | Build | House |
| 10:33 | Create | Villager (Male) |
| 10:46 | Create | Archer |
| 10:47 | Create | Archer |
| 10:52 | Build | House |
| 11:21 | Create | Archer |
| 11:22 | Create | Archer |
| 11:27 | Build | House |
| 11:29 | Build | Palisade Wall |
| 11:29 | Build | Palisade Wall |
| 11:31 | Build | Palisade Wall |
| 11:46 | Create | Villager (Male) |
| 11:54 | Build | Farm |
| 12:08 | Create | Archer |
| 12:08 | Create | Archer |
| 12:23 | Create | Villager (Male) |
| 12:27 | Build | Farm |
| 12:44 | Create | Villager (Male) |
| 13:05 | Create | Villager (Male) |
| 13:06 | Create | Archer |
| 13:07 | Create | Archer |
| 13:49 | Create | Villager (Male) |
| 13:55 | Build | Blacksmith |
| 13:57 | Build | House |
| 13:59 | Create | Archer |
| 13:59 | Create | Archer |
| 14:00 | Create | Villager (Male) |
| 14:18 | Create | Spearman |
| 14:36 | Research | Fletching |
| 14:37 | Create | Villager (Male) |
| 14:37 | Create | Villager (Male) |
| 14:37 | Create | Villager (Male) |
| 14:56 | Build | House |
| 15:00 | Build | Palisade Wall |
| 15:02 | Create | Villager (Male) |
| 15:17 | Build | Farm |
| 15:18 | Create | Archer |
| 15:18 | Create | Archer |
| 15:21 | Create | Villager (Male) |
| 15:29 | Create | Archer |
| 15:29 | Create | Archer |
| 15:31 | Create | Villager (Male) |
| 15:32 | Build | Farm |
| 15:46 | Build | Farm |
| 15:47 | Build | Farm |
| 15:54 | Create | Archer |
| 15:56 | Create | Villager (Male) |
| 16:02 | Create | Villager (Male) |
| 16:16 | Create | Archer |
| 16:22 | Build | Palisade Wall |
| 16:25 | Create | Villager (Male) |
| 16:27 | Create | Archer |
| 16:29 | Create | Villager (Male) |
| 16:36 | Build | Farm |
| 17:24 | Create | Archer |
| 17:29 | Create | Archer |
| 17:31 | Create | Villager (Male) |
| 17:33 | Build | Farm |
| 17:35 | Create | Archer |
| 17:36 | Build | Farm |
| 17:37 | Build | Farm |
| 17:41 | Build | House |
| 17:42 | Build | House |
| 18:08 | Create | Archer |
| 18:27 | Create | Archer |
| 18:28 | Create | Villager (Male) |
| 18:30 | Build | Farm |
| 18:36 | Build | Farm |
| 18:37 | Build | Farm |
| 18:41 | Create | Archer |
| 18:41 | Create | Archer |
| 18:44 | Create | Villager (Male) |
| 18:48 | Build | House |
| 18:50 | Build | House |
| 19:04 | Build | Watch Tower |
| 19:08 | Create | Villager (Male) |
| 19:12 | Build | Farm |
| 19:14 | Create | Archer |
| 19:16 | Create | Archer |
| 19:24 | Build | Farm |
| 19:26 | Build | House |
| 19:27 | Build | House |
| 19:42 | Build | Palisade Wall |
| 19:43 | Build | House |
| 19:49 | Create | Villager (Male) |
| 20:05 | Build | Farm |
| 20:27 | Create | Archer |
| 20:47 | Research | Castle Age |
| 20:49 | Create | Archer |
| 20:49 | Create | Archer |
| 20:51 | Build | Farm |
| 21:26 | Build | Lumber Camp |
| 21:39 | Create | Archer |
| 21:40 | Create | Archer |
| 21:42 | Research | Padded Archer Armor |
| 21:43 | Research | Double-Bit Axe |
| 21:48 | Research | Horse Collar |
| 21:48 | Research | Horse Collar |
| 21:52 | Build | House |
| 22:09 | Create | Archer |
| 22:10 | Create | Archer |
| 23:04 | Build | Lumber Camp |
| 23:27 | Age | Castle Age |
| 23:31 | Research | Crossbowman (upgrade) |
| 23:32 | Research | Bodkin Arrow |
| 23:36 | Create | Villager (Male) |
| 23:39 | Create | Villager (Male) |
| 24:04 | Build | University |
| 24:11 | Research | Leather Archer Armor |
| 24:12 | Research | Leather Archer Armor |
Match timeline
| 7:29 | Osama · first_building Barracks |
| 7:37 | FMG | GreatMaty · first_building Barracks |
| 8:26 | FMG | GreatMaty · age_up feudal |
| 8:27 | Osama · age_up feudal |
| 8:28 | FMG | Tano Stokes · first_building Barracks |
| 8:30 | Osama · first_building Archery Range |
| 8:34 | FMG | GreatMaty · first_building Stable |
| 8:38 | Hannibal · first_building Barracks |
| 9:47 | FMG | GreatMaty · wall_segment Palisade Wall x10 |
| 9:53 | Hannibal · age_up feudal |
| 10:00 | FMG | Tano Stokes · age_up feudal |
| 10:04 | FMG | Tano Stokes · first_building Archery Range |
| 10:10 | Hannibal · first_building Stable |
| 10:59 | Hannibal · wall_segment Palisade Wall x1 |
| 11:07 | Hannibal · wall_segment Palisade Wall x5 |
| 11:19 | Hannibal · wall_segment Palisade Wall x11 |
| 11:29 | Osama · wall_segment Palisade Wall x1 |
| 11:29 | Osama · wall_segment Palisade Wall x1 |
| 11:31 | Osama · wall_segment Palisade Wall x1 |
| 11:37 | Hannibal · wall_segment Palisade Wall x2 |
| 11:41 | FMG | GreatMaty · wall_segment Palisade Wall x4 |
| 11:53 | Hannibal · wall_segment Palisade Wall x11 |
| 12:08 | Hannibal · wall_segment Palisade Wall x10 |
| 12:11 | FMG | GreatMaty · wall_segment Palisade Wall x1 |
| 12:15 | Hannibal · wall_segment Palisade Wall x1 |
| 12:16 | FMG | GreatMaty · wall_segment Palisade Wall x1 |
| 12:18 | FMG | GreatMaty · wall_segment Palisade Wall x1 |
| 12:46 | FMG | GreatMaty · wall_segment Palisade Wall x1 |
| 14:08 | FMG | GreatMaty · wall_segment Palisade Wall x13 |
| 14:15 | Hannibal · wall_segment Palisade Wall x1 |
| 14:16 | Hannibal · wall_segment Palisade Wall x1 |
| 14:58 | FMG | GreatMaty · wall_segment Palisade Wall x8 |
| 15:00 | Osama · wall_segment Palisade Wall x3 |
| 15:02 | FMG | GreatMaty · wall_segment Palisade Wall x9 |
| 15:03 | FMG | GreatMaty · wall_segment Palisade Wall x5 |
| 15:04 | FMG | GreatMaty · wall_segment Palisade Wall x3 |
| 15:33 | FMG | GreatMaty · wall_segment Palisade Wall x5 |
| 16:22 | Osama · wall_segment Palisade Wall x7 |
| 18:20 | Hannibal · wall_segment Palisade Wall x2 |
| 19:42 | Osama · wall_segment Palisade Wall x1 |
| 20:19 | FMG | GreatMaty · wall_segment Palisade Wall x8 |
| 20:30 | Hannibal · wall_segment Stone Wall x1 |
| 22:26 | FMG | GreatMaty · wall_segment Palisade Wall x1 |
| 23:00 | FMG | Tano Stokes · age_up castle |
| 23:24 | Hannibal · first_market_sell 100 stone |
| 23:27 | Osama · age_up castle |
| 24:02 | Hannibal · wall_segment Stone Wall x1 |
| 24:45 | FMG | Tano Stokes · wall_segment Palisade Wall x1 |
| 25:37 | FMG | GreatMaty · wall_segment Palisade Wall x1 |
| 25:39 | FMG | GreatMaty · age_up castle |
| 25:43 | FMG | GreatMaty · wall_segment Palisade Wall x2 |
| 26:07 | Hannibal · age_up castle |
| 27:07 | FMG | GreatMaty · wall_segment Stone Wall x1 |
| 27:08 | FMG | GreatMaty · wall_segment Stone Wall x1 |
| 27:42 | FMG | GreatMaty · first_market_sell 100 wood |
| 28:23 | Hannibal · first_market_buy 100 stone |
| 28:58 | FMG | Tano Stokes · wall_segment Palisade Wall x19 |
| 29:03 | Osama · first_market_buy 100 stone |
| 30:06 | Hannibal · wall_segment Stone Wall x1 |
| 31:34 | FMG | Tano Stokes · first_market_sell 100 wood |
| 31:35 | Osama · first_market_sell 500 wood |
| 31:37 | FMG | Tano Stokes · first_market_buy 100 food |
| 32:26 | Osama · first_building Monastery |
| 34:31 | FMG | Tano Stokes · first_building Monastery |
| 35:41 | FMG | GreatMaty · first_market_buy 100 wood |
| 35:48 | FMG | GreatMaty · first_building Siege Workshop |
| 36:11 | Osama · age_up imperial |
| 36:27 | Osama · wall_segment Palisade Wall x1 |
| 36:47 | Osama · wall_segment Palisade Wall x1 |
| 38:43 | Hannibal · first_building Monastery |
| 39:40 | FMG | GreatMaty · wall_segment Stone Wall x11 |
| 39:45 | FMG | GreatMaty · wall_segment Stone Wall x1 |
| 40:06 | Hannibal · wall_segment Stone Wall x8 |
| 40:44 | Hannibal · wall_segment Stone Wall x1 |
| 40:45 | FMG | GreatMaty · wall_segment Stone Wall x1 |
| 40:47 | Hannibal · wall_segment Stone Wall x1 |
| 41:06 | FMG | GreatMaty · wall_segment Stone Wall x1 |
| 41:07 | FMG | GreatMaty · wall_segment Stone Wall x1 |
| 42:12 | Osama · tribute_sent a jugador 1 |
| 42:12 | Osama · tribute_sent a jugador 2 |
| 42:12 | Osama · tribute_sent a jugador 3 |
| 44:29 | Osama · first_building Castle |
| 45:15 | FMG | GreatMaty · first_building Castle |
| 47:40 | FMG | GreatMaty · first_building Archery Range |
| 48:08 | FMG | Tano Stokes · age_up imperial |
| 51:08 | FMG | GreatMaty · age_up imperial |
| 54:27 | Hannibal · wall_segment Palisade Wall x1 |
| 54:27 | Osama · resign |
| 54:28 | Hannibal · wall_segment Palisade Wall x1 |
| 54:30 | Hannibal · wall_segment Palisade Wall x1 |
[ AI ANALYSIS · 1 CREDIT ]
What really happened in this match?
Wolo.gg analyzes every decision: build order, eco, micro, common mistakes by bracket. Personalized analysis on WhatsApp or Discord in 30 seconds.
Civ guide
Georgians
Perfil
GreatMaty